 Dungeon Crawl Stone Soup version 0.20.1-1-g8b1a95d (webtiles) character file.

32 Kosschaser the Sneak (level 3, -2/24 HPs)
             Began as a Merfolk Enchanter on July 5, 2017.
             Slain by a quokka (4 damage)
             ... on level 2 of the Dungeon.
             The game lasted 00:02:37 (1832 turns).

Kosschaser the Sneak (Merfolk Enchanter)            Turns: 1832, Time: 00:02:37

Health: -2/24      AC:  3    Str:  8    XL:     3   Next: 27%
Magic:  15/15      EV: 13    Int: 14    God:
Gold:   77         SH:  0    Dex: 15    Spells: 2/6 levels left

rFire    . . .     SeeInvis .   a - +1 dagger
rCold    . . .     Gourm    .   (no shield)
rNeg     . . .     Faith    .   b - +0 robe
rPois    .         Spirit   .   (no helmet)
rElec    .         Reflect  .   (no cloak)
rCorr    .         Harm     .   r - +0 pair of gloves
MR       .....                  (no boots)
Stlth    +++.......             (no amulet)
Regen    0.1/turn               g - ring of magical power
MPRegen  0.2/turn               (no ring)

@: starving
A: change form in water, swift swim, stealthy swim
a: no special abilities


You were on level 2 of the Dungeon.
You were starving.

You visited 1 branch of the dungeon, and saw 2 of its levels.

You collected 77 gold pieces.

Inventory:

Hand Weapons
 a - a +1 dagger (weapon)
Armour
 b - a +0 robe (worn)
 r - a +0 pair of gloves (worn)
Jewellery
 g - a ring of magical power (left hand)
Scrolls
 e - 2 scrolls of remove curse {unknown}
 h - a scroll of enchant armour {unknown}
 i - a scroll of noise {unknown}
 k - 3 scrolls of amnesia {unknown}
 m - a scroll of identify {unknown}
 n - a scroll of enchant weapon {unknown}
 o - a scroll of immolation {unknown}
Potions
 f - a potion of heal wounds {unknown}
 l - a potion of invisibility {unknown}
 p - a potion of brilliance {unknown}
 q - a potion of haste {unknown}
Books
 c - a book of Maledictions

   Spells                             Type                      Level
   a - Corona                         Hexes                        1
   b - Ensorcelled Hibernation        Hexes/Ice                    2
   c - Confuse                        Hexes                        3
   d - Tukima's Dance                 Hexes                        3
   e - Dazzling Spray                 Conjuration/Hexes            3
Comestibles
 d - 2 bread rations
 j - a meat ration


   Skills:
 + Level 1.6 Short Blades
 + Level 3.0 Dodging
 + Level 4.1 Stealth
 + Level 2.0 Spellcasting
 + Level 3.4 Hexes


You had 2 spell levels left.
You knew the following spells:

 Your Spells              Type           Power        Failure   Level  Hunger
a - Corona                Hex            ##.....      6%          1    ##.....
b - Confuse               Hex            ##......     17%         3    ####...


Dungeon Overview and Level Annotations

Branches:
Dungeon (2/15)

Altars:


Message History

* * * LOW HITPOINT WARNING * * *
You hit the quokka but do no damage.
The quokka is almost dead.
The quokka bites you.
* * * LOW HITPOINT WARNING * * *
You miss the quokka.
The quokka is almost dead.
The quokka bites you.
* * * LOW HITPOINT WARNING * * *
The quokka barely misses you.
You hit the quokka but do no damage.
The quokka is almost dead.
The quokka closely misses you.
You hit the quokka but do no damage.
The quokka is severely wounded.
The quokka bites you but does no damage.
You closely miss the quokka.
The quokka is severely wounded.
The quokka bites you.
You die...

#.......###.##
#.##)#.#.#.##
#.#.##.##
#....#.########
#.#..#........#
............†.# ##
##.##.#........#...#
#. #.##..........<)#
. #..r@...#...##
#........)..##.##
#%..........# ...
.........### ###
.#.......# #.......#
#.......# #.......#


You could see a quokka.

Vanquished Creatures
  An ooze (D:1)
  2 dart slugs (D:1)
  A leopard gecko (D:1)
  2 bats (D:1)
  A giant cockroach (D:2)
  2 goblins
  8 hobgoblins (D:1)
  A ball python (D:2)
  2 frilled lizards (D:1)
  A kobold (D:1)
  A rat (D:1)
22 creatures vanquished.

Notes
Turn   | Place    | Note
-------+----------+-------------------------------------------
     0 | D:1      | Kosschaser the Merfolk Enchanter began the quest for the Orb.
     0 | D:1      | Reached XP level 1. HP: 13/13 MP: 3/3
   494 | D:1      | Reached XP level 2. HP: 19/19 MP: 5/5
   560 | D:1      | Reached skill level 4 in Stealth
  1177 | D:1      | Reached XP level 3. HP: 17/24 MP: 6/6
  1491 | D:1      | Learned a level 3 spell: Confuse
  1832 | D:2      | Slain by a quokka

Skill      XL: |  1  2  3 |
---------------+----------+-----
Stealth        | 4 |  4.1
Dodging        | 3 |  3.0
Short Blades   | |  1.6
Spellcasting   | |  2.0
Hexes          | |  3.4

Action                   || total
-------------------------++-------
Melee: Dagger            ||   127
 Cast: Confuse           ||     2
 Stab: Sleeping          ||     6
       Confused          ||     1
  Eat: Chunk             ||     1
Armor: Robe              ||    21
Dodge: Dodged            ||    73
